AoeStats
← Mryo's fans

Arena

510827700Analyzed
4v4 RM · 18h ago on Oct 2, 2026· 43m 15s· 8 players
Game mode
Random Map
Map size
Large (8 player)
Population
200
Speed
Normal
Resources
Standard
Victory
Conquest
Starting age
Dark Age
Ending age
Imperial Age
RankedLock teamsTeams togetherTeam positionsShared explorationLock speedFull tech treeHidden civsTurbo modeCheats
Victory
Defeat
1282
+15
🇲🇿 Portuguese · Mozambique
1212
+18
🇨🇳 Malay · China
1212
+18
🇹🇷 Burmese · Türkiye
1140
+21
🇲🇽 Poles · Mexico
1448
-26
🇲🇽 Danes · Mexico
1333
-21
🇺🇸 Celts · United States
1236
-24
🇩🇪 Italians · Germany
991
-8
Mryo's fans
10:05 Feudal Age
15:04 Castle Age
13:44 Double-Bit Axe
18:51 Horse Collar
20:48 Bow Saw
21:40 Wheelbarrow
24:18 Loom
24:23 Town Watch
27:30 Imperial Age
24:58 Fletching
25:33 Hand Cart
25:06 Crossbowman
26:24 Bodkin Arrow
29:15 Chemistry
28:29 Padded Archer Armor
28:09 Arbalester
29:07 Bracer
29:32 Ballistics
30:09 Leather Archer Armor
29:47 Gold Mining
30:40 Conscription
31:30 Ring Archer Armor
32:25 Town Patrol
33:09 Forging
35:41 Thumb Ring
36:30 Iron Casting
36:37 Scale Barding Armor
36:23 Elite Karambit Warrior
42:11 Blast Furnace
40:36 Light Cavalry
[FUCKI] Obi-One Canboneme
11:42 Feudal Age
15:09 Castle Age
13:33 Double-Bit Axe
15:02 Horse Collar
15:15 Gold Mining
16:27 Heavy Plow
16:43 Bow Saw
21:29 Forging
21:53 Scale Mail Armor
21:58 Squires
23:25 Gold Shaft Mining
23:03 Man-at-Arms
23:50 Loom
24:47 Iron Casting
24:41 Stone Mining
25:04 Arson
31:20 Imperial Age
31:14 Chain Mail Armor
31:50 Elite Varangian Guard
34:54 Blast Furnace
34:45 Capped Ram
36:42 Siege Ram
39:16 Plate Mail Armor
40:44 Conscription
41:16 Bogsveigar
41:18 Chieftains
Enes Baskal
6:51 Loom
10:22 Feudal Age
15:34 Castle Age
13:29 Stone Mining
21:23 Fletching
24:46 Double-Bit Axe
36:14 Wheelbarrow
36:27 Town Watch
39:46 Circumnavigation
45:59 Imperial Age
yenese
10:42 Feudal Age
9:24 Loom
15:03 Castle Age
14:14 Fletching
17:48 Crossbowman
23:06 Bodkin Arrow
25:18 Horse Collar
28:32 Padded Archer Armor
33:38 Imperial Age
33:58 Ballistics
34:49 Heavy Cavalry Archer
36:46 Husbandry
37:26 Bloodlines
38:50 Wheelbarrow
38:50 Bracer
40:35 Parthian Tactics
40:29 Hand Cart
39:59 Town Watch
42:45 Coinage
44:06 Chemistry
E_BrightBlade
9:12 Loom
10:59 Feudal Age
14:59 Castle Age
13:41 Double-Bit Axe
14:13 Stone Mining
15:20 Man-at-Arms
20:41 Loom
21:37 Wheelbarrow
22:04 Scale Mail Armor
25:30 Town Watch
26:10 Long Swordsman
27:57 Chain Mail Armor
29:11 Wheelbarrow
29:08 Forging
29:57 Arson
30:00 Gambesons
35:27 Hand Cart
35:32 Horse Collar
36:59 Bow Saw
37:04 Fletching
39:18 Iron Casting
42:24 Bodkin Arrow
No conozco el honor
10:28 Feudal Age
15:10 Castle Age
12:54 Horse Collar
13:21 Double-Bit Axe
13:29 Gold Mining
15:27 Loom
16:14 Bow Saw
24:40 Hamask
25:42 Squires
26:14 Scale Mail Armor
26:39 Forging
27:42 Chain Mail Armor
29:04 Iron Casting
31:07 Stone Mining
31:22 Arson
42:17 Town Watch
42:27 Elite Skirmisher
Moctezama
9:52 Feudal Age
8:23 Loom
15:04 Castle Age
14:19 Double-Bit Axe
19:21 Scale Mail Armor
22:01 Chain Mail Armor
25:13 Forging
29:22 Imperial Age
30:08 Gold Mining
30:31 Szlachta Privileges
32:13 Szlachta Privileges
32:29 Conscription
32:34 Scale Barding Armor
35:22 Chain Barding Armor
35:36 Bloodlines
36:25 Cavalier
DerDieDas
10:12 Feudal Age
14:13 Castle Age
12:14 Double-Bit Axe
12:34 Stone Mining
15:42 Wheelbarrow
18:57 Horse Collar
22:00 Bow Saw
22:25 Heavy Plow
23:13 Fletching
24:39 Hand Cart
24:12 Town Watch
26:10 Ballistics
29:40 Imperial Age
27:08 Gold Mining
27:54 Stone Shaft Mining
28:05 Town Patrol
28:49 Squires
29:30 Elite Skirmisher
31:26 Two-Man Saw
30:57 Conscription
31:17 Crop Rotation
33:14 Silk Road
36:18 Chemistry
36:00 Bloodlines
35:11 Light Cavalry
35:58 Husbandry
36:50 Scale Barding Armor
39:43 Bombard Tower
40:53 Thumb Ring
40:46 Crossbowman
42:31 Chain Barding Armor
42:23 Forging
41:36 Cavalier
Connection lost

Rejoining the realm…

Still unreachable

The connection could not be restored.

Session expired

The server has moved on; the page needs a fresh start.